 Dungeon Crawl Stone Soup version 0.32-a0-18-g89e19f1974 (webtiles) character file.

Game seed: 7130773469553836881

821 Xavori the Trooper (level 8, -11/58 HPs)
             Began as a Djinni Chaos Knight on Jan 16, 2024.
             Was a Plaything of Xom.
             Mangled by an ogre
             ... wielding a +0 giant spiked club
              (43 damage)
             ... on level 5 of the Dungeon.
             The game lasted 00:05:28 (5494 turns).

Xavori the Trooper (Djinni Chaos Knight)            Turns: 5494, Time: 00:05:30

Health: -11/58     AC: 12    Str: 12    XL:     8   Next: 16%
Gold:   89         EV: 14    Int: 11    God:    Xom [*.....] SH:  0 Dex: 19

rFire   + + .        a - +0 falchion (chaos)
rCold   x . .        (no shield)
rNeg    + . .        b - +2 leather armour
rPois   ∞            u - +3 helmet "Ditokhaz" {rN+ Str+2}
rElec   .            (no cloak)
rCorr   .            A - +0 pair of gloves {hurl}
SInv    .            (boots unavailable)
Will    .....        B - amulet of regeneration
Stlth   +            y - +4 ring of protection
HPRegen 1.09/turn    (no ring)
MPRegen 0.00/turn

%: infuse magic (-12 HP)
@: corroded, flying
A: sickness immunity, fire resistance 2, cold vulnerability 1, float, innate
caster, HP casting, extra vitality 1, iridescent scales 1, agile 1, dopey 1,
wild magic 1
a: Renounce Religion


You were on level 5 of the Dungeon.
You worshipped Xom.
You were a special plaything of Xom.
You visited 1 branch of the dungeon, and saw 5 of its levels.

You collected 873 gold pieces.
You spent 784 gold pieces at shops.

Inventory:

Hand Weapons
 a - a +0 falchion of chaos (weapon)
Armour
 b - a +2 leather armour (worn)
 l - the +0 cloak of Xom, Screaming {Rampage Will+++ rCorr Dex-5}
   (Xom gifted it to you on level 1 of the Dungeon)

   Dex-5:     It affects your dexterity (-5).
   Will+++:   It greatly increases your willpower.
   rCorr:     It protects you from acid and corrosion.
   Rampage:   It bestows one free step when moving towards enemies.
 u - the +3 helmet "Ditokhaz" (worn) {rN+ Str+2}
   (You bought it in a shop on level 2 of the Dungeon)

   Str+2:     It affects your strength (+2).
   rN+:       It protects you from negative energy.
 A - a +0 pair of gloves of hurling (worn)
Jewellery
 y - a +4 ring of protection (left hand)
 B - an amulet of regeneration (around neck)
Wands
 q - a wand of mindburst (12)
 v - a wand of flame (23)
 z - a wand of digging (3)
Scrolls
 c - a scroll of butterflies
 d - a scroll of identify
 k - a scroll of immolation
 o - a scroll of torment {unknown}
 r - a scroll of blinking
 s - a scroll of poison {unknown}
 t - a scroll of teleportation
 x - a scroll of fog
Potions
 e - 3 potions of degeneration {unknown}
 f - 3 potions of heal wounds {unknown}
 g - 2 potions of brilliance {unknown}
 h - a potion of haste {unknown}
 j - a potion of enlightenment {unknown}
 n - a potion of mutation {unknown}
 p - 2 potions of invisibility {unknown}
 w - 3 potions of curing


   Skills:
 + Level 4.5 Fighting
 + Level 4.1 Long Blades
 + Level 3.4 Armour
 + Level 4.2 Dodging
 * Level 3.7 Spellcasting
 * Level 3.7 Conjurations
 * Level 3.7 Hexes
   Level 0.0 Charms
 * Level 3.7 Summonings
 * Level 3.7 Necromancy
 * Level 3.7 Translocations
   Level 0.0 Transmutations
 * Level 3.7 Fire Magic
 * Level 3.7 Ice Magic
 * Level 3.7 Air Magic
 * Level 3.7 Earth Magic
 * Level 3.7 Alchemy


You knew the following spells:

 Your Spells              Type           Power      Damage    Failure   Level
a - Necrotise             Necr           52%        1d6       11%         1
b - Lesser Beckoning      Tloc           26%        N/A       16%         2
c - Teleport Other        Tloc           13%        N/A       28%         3
Your spell library was empty.

Dungeon Overview and Level Annotations

Branches:
Dungeon (5/15)             Temple (0/1) D:4

Altars:
Xom

Shops:
D:2 ([(   D:3 ?**

Annotations:
D:5 2 transporters


Innate Abilities, Weirdness & Mutations

You are immune to sickness and miasma.
You are immune to poison.
Your flesh is very heat resistant. (rF++)
You are vulnerable to cold. (rC-)
You float through the air rather than walking.
You learn spells naturally, not from books.
Your magical power is your life essence.
You have superior vitality. (+4 MHP)
You are partially covered in iridescent scales. (AC +2)
You are agile. (Dex +4, Str/Int -1)
You are dopey. (Int -2)
Your spells are a little harder to cast, but a little more powerful.


Message History

The iguana attacks as it pursues you! The iguana barely misses you.
The jelly misses you.
The quokka bites you but does no damage.
The jelly misses you. The quokka barely misses you.
You closely miss the quokka. The quokka misses you.
You hit the quokka but do no damage.
The quokka falls asleep!
The quokka bites you but does no damage.
The quokka closely misses you.
You hit the quokka.
The quokka seems to speed up.
Xom thinks this is hilarious!
The quokka is moderately wounded.
The quokka bites you but does no damage. x2
You slash the quokka!
You kill the quokka!
The quokka's corpse disappears in a puff of smoke!
You hit the jelly.
The jelly is poisoned.
The acid corrodes you!
Your hands burn!
The jelly is lightly wounded.
The jelly misses you.
You hit the jelly.
Your hands burn!
The jelly is moderately wounded.
The jelly hits you but does no damage.
You hit the jelly. Lightning courses through the jelly!
You kill the jelly!
The jelly degenerates into a cloud of primal chaos!
You hit the ogre but do no damage.
The ogre hits you with a +0 giant spiked club!!
You hit the ogre but do no damage.
A quokka comes into view.
You hit the ogre.
The ogre seems to grow stronger.
The ogre is moderately wounded.
The ogre hits you with a +0 giant spiked club!
You hit the ogre but do no damage.
The ogre is moderately wounded.
The quokka bites you but does no damage.
The ogre hits you with a +0 giant spiked club!!!
Ouch! That really hurt!
You die...
Xom howls with laughter!

.. . .## #.# #.#
#O+#### r
#.....#
####.#####.....#
......r@Ol.....#
####.#####.....#
#.....####
#.........
#.....#### W
####...##### #.
#.....©.....# #.
#.#########.# ##
#.#8P.©.P8#.# #.


You could see an ogre (strong), an iguana and a quokka.

Vanquished Creatures
  A golden eye (D:4)
  A boggart (D:4)
  An ogre (D:5)
  2 bombardier beetles
  A jelly (D:5)
  2 hounds
  5 iguanas
  A sleepcap (D:4)
  Natasha (thrice) (D:3)
  5 adders
  A ribbon worm (D:2)
  4 orcs
  4 endoplasms
  7 giant cockroaches
  12 goblins
  9 hobgoblins
  2 jackals (D:2)
  2 quokkas
  8 ball pythons
  4 bats
  A frilled lizard (D:3)
  9 kobolds
  6 rats
91 creatures vanquished.

Notes
Turn   | Place    | Note
-------+----------+-------------------------------------------
     0 | D:1      | Xavori the Djinni Chaos Knight began the quest for the Orb.
     0 | D:1      | Reached XP level 1. HP: 20/20 MP: 0/0
   491 | D:1      | XOM: 1-stop teleportation journey
   577 | D:1      | XOM: silly message
   583 | D:1      | Reached XP level 2. HP: 25/25 MP: 0/0
  1038 | D:1      | XOM: god gift: short sword {god gift}
  1116 | D:1      | Identified the +0 cloak of Xom, Screaming {Rampage Will+++
                  | rCorr Dex-5} (Xom gifted it to you on level 1 of the
                  | Dungeon)
  1116 | D:1      | XOM: god gift: +0 cloak of Xom, Screaming {Rampage Will+++
                  | rCorr Dex-5}
  1273 | D:1      | XOM: god gift: 14 gold pieces
  1578 | D:1      | XOM: god gift: scroll labelled FUNEAM VUNGEI {god gift}
  1702 | D:1      | XOM: summons 2 hostile shadow creatures
  1813 | D:1      | XOM: give mutations
  1813 | D:1      | Gained mutation: You are dopey. (Int -2) [Xom's mischief]
  1815 | D:1      | XOM: give mutations
  1815 | D:1      | Gained mutation: Your spells are a little harder to cast,
                  | but a little more powerful. [Xom's grace]
  1815 | D:1      | Gained mutation: You are partially covered in iridescent
                  | scales. (AC +2) [Xom's grace]
  2029 | D:2      | Reached XP level 3. HP: 30/30 MP: 0/0
  2029 | D:2      | Learned a level 1 spell: Necrotise
  2110 | D:2      | Reached skill level 1 in Spellcasting
  2110 | D:2      | Reached skill level 1 in Conjurations
  2110 | D:2      | Reached skill level 1 in Hexes
  2110 | D:2      | Reached skill level 1 in Summonings
  2110 | D:2      | Reached skill level 1 in Necromancy
  2110 | D:2      | Reached skill level 1 in Translocations
  2110 | D:2      | Reached skill level 1 in Fire Magic
  2110 | D:2      | Reached skill level 1 in Ice Magic
  2110 | D:2      | Reached skill level 1 in Air Magic
  2110 | D:2      | Reached skill level 1 in Earth Magic
  2110 | D:2      | Reached skill level 1 in Alchemy
  2262 | D:2      | Found Zalieh's Weapon Emporium.
  2394 | D:2      | Found a faded altar of an unknown god.
  2463 | D:2      | Found Teazydgh's Weapon Shoppe.
  2563 | D:2      | Found Womeash's Antique Armour Shoppe.
  2624 | D:2      | XOM: scenery: create altars
  2723 | D:2      | XOM: god gift: Xom's Grimoire of the Forsaken Violins {god
                  | gift}
  2893 | D:2      | You are sucked into a shaft and drop 2 floors!
  2964 | D:4      | Noticed an ice beast
  2964 | D:4      | Found a staircase to the Ecumenical Temple.
  2964 | D:4      | XOM: 2-stop teleportation journey
  2985 | D:4      | Reached XP level 4. HP: 26/35 MP: 0/0
  3168 | D:4      | Reached XP level 5. HP: 39/40 MP: 0/0
  3168 | D:4      | Learned a level 2 spell: Lesser Beckoning
  3263 | D:4      | HP: 1/40 [iguana (16)]
  3487 | D:3      | Found Buff's Magic Scroll Emporium.
  3489 | D:3      | Noticed Natasha
  3494 | D:3      | Killed Natasha
  3512 | D:3      | Bought a scroll of teleportation for 30 gold pieces
  3545 | D:3      | Reached XP level 6. HP: 42/46 MP: 0/0
  3604 | D:3      | Noticed Natasha
  3604 | D:3      | XOM: scenery: create altars
  3611 | D:3      | Killed Natasha
  3910 | D:2      | XOM: god gift: 671 gold pieces
  3999 | D:2      | Bought a distressingly furry helmet for 285 gold pieces
  3999 | D:2      | Identified the +3 helmet "Ditokhaz" {rN+ Str+2} (You bought
                  | it in a shop on level 2 of the Dungeon)
  4030 | D:3      | Noticed Natasha
  4038 | D:3      | Killed Natasha
  4085 | D:3      | XOM: god gift: runed mace {god gift}
  4264 | D:3      | Found Ywnocari's General Store.
  4270 | D:3      | Bought a potion of curing for 36 gold pieces
  4270 | D:3      | Bought a scroll of fog for 48 gold pieces
  4567 | D:3      | Found Jeobitwi's Assorted Antiques.
  4577 | D:3      | Bought a bone wand for 88 gold pieces
  4577 | D:3      | Bought a pair of embroidered gloves for 165 gold pieces
  4577 | D:3      | Bought a scroll labelled LUECOL HAUMO for 22 gold pieces
  4577 | D:3      | Bought a blackened filigree amulet for 110 gold pieces
  4642 | D:4      | a ribbon worm changed into a boggart
  4642 | D:4      | Noticed a boggart
  4652 | D:4      | Killed a boggart
  4653 | D:4      | Reached XP level 7. HP: 52/52 MP: 0/0
  4653 | D:4      | Learned a level 3 spell: Teleport Other
  4688 | D:4      | an ice beast changed into a golden eye
  4688 | D:4      | Noticed a golden eye
  4708 | D:4      | Killed a golden eye
  5050 | D:4      | XOM: give mutation
  5050 | D:4      | Gained mutation: You are agile. (Dex +4, Str/Int -1) [Xom's
                  | mischief]
  5166 | D:5      | Entered Level 5 of the Dungeon
  5385 | D:5      | Reached XP level 8. HP: 41/58 MP: 0/0
  5424 | D:5      | Found a transporter.
  5442 | D:5      | Found a transporter.
  5477 | D:5      | XOM: summons 2 hostile shadow creatures
  5478 | D:5      | XOM: silly message
  5479 | D:5      | XOM: divination: detect creatures
  5494 | D:5      | Mangled by an ogre

Illustrated notes

Levels and vault maps discovered:
D:1:      dpeg_arrival_signposts, layout_rooms, minmay_misc_feat_diagonals,
          bh_walls_and_bars
D:2:      layout_basic, serial_shops, nicolae_shop_pleasant_corner_grove, shop,
          nicolae_shop_back_alley_shop, ebering_ecumenical_altar_hall,
          minmay_indecisive_spiral
D:3:      kennysheep_the_goblin_king, layout_rooms, serial_shops,
          nicolae_shop_rolling_square, shop_fountains, shop, uniq_natasha
D:4:      layout_basic, minmay_temple_entry_junction_2, serial_bayou,
          serial_bayou_pond_e, serial_bayou_shore_a, serial_bayou_lagoon_a,
          serial_bayou_pond_d
D:5:      gammafunk_wand_slinger, layout_basic,
          nicolae_concentric_dashed_squares_wild, roderic_st_hans_cross

Skill      XL: |  1  2  3  4  5  6  7 |
---------------+----------------------+-----
Spellcasting   | 1 2 3 |  3.7
Conjurations   | 1 2 3 |  3.7
Hexes          | 1 2 3 |  3.7
Summonings     | 1 2 3 |  3.7
Necromancy     | 1 2 3 |  3.7
Translocations | 1 2 3 |  3.7
Fire Magic     | 1 2 3 |  3.7
Ice Magic      | 1 2 3 |  3.7
Air Magic      | 1 2 3 |  3.7
Earth Magic    | 1 2 3 |  3.7
Alchemy        | 1 2 3 |  3.7
Long Blades    | 3 4 |  4.1
Armour         | 2 3 |  3.4
Dodging        | 3 4 |  4.2
Fighting       | 4 |  4.5

Action                     |  1- 3 |  4- 6 |  7- 9 || total
---------------------------+-------+-------+-------++-------
  Melee: Falchion          |   123 |   138 |    84 ||   345
         Punch             |     2 |     5 |       ||     7
   Cast: Necrotise         |       |       |     1 ||     1
    Use: Scroll            |     1 |       |     3 ||     4
   Stab: Sleeping          |     1 |       |       ||     1
 Armour: Leather armour    |   100 |   124 |    46 ||   270
  Dodge: Dodged            |   112 |    99 |    53 ||   264

Table legend: (Time is in decaauts)
 A = Elapsed time spent in this place.
 B = Non-inter-level travel time spent in this place.
 C = Inter-level travel time spent in this place.
 D = Time resting spent in this place.
 E = Time spent auto-exploring this place.
 F = Levels seen in this place.
 G = Mean time per level.
                   A        B        C        D        E       F      G
               +--------+--------+--------+--------+--------+-----+--------+
         Total |   5551 |   5331 |    220 |   1561 |   2920 |   5 | 1110.2 |
       Dungeon |   5551 |   5331 |    220 |   1561 |   2920 |   5 | 1110.2 |
               +--------+--------+--------+--------+--------+-----+--------+

Top non-repeatable levels by time:
     D:1: 2019 daAuts
     D:2: 1259 daAuts
     D:4: 1148 daAuts
     D:3: 790 daAuts
     D:5: 334 daAuts
